 Dungeon Crawl Stone Soup version 0.18-a0-1396-g8753ca6 (webtiles) character file.

438 brucemayne the Chopper (level 6, 0/44 HPs)
             Began as a Demonspawn Gladiator on Feb 23, 2016.
             Was a Follower of Makhleb.
             Slain by an orc
             ... wielding a +0 short sword
              (5 damage)
             ... on level 6 of the Dungeon.
             The game lasted 00:07:00 (1138 turns).

brucemayne the Chopper (Demonspawn Gladiator)       Turns: 1138, Time: 00:07:00

Health: 0/44       AC:  5    Str: 17    XL:     6   Next: 69%
Magic:  6/6        EV: 17    Int:  9    God:    Makhleb [*.....]
Gold:   107        SH:  0    Dex: 14    Spells: 0 memorised, 5 levels left

rFire  + . .     SeeInvis .     a - +0 war axe
rCold  . . .     Gourm    .     m - +0 ring mail
rNeg   . . .     Faith    .     (no shield)
rPois  .         Spirit   .     (helmet restricted)
rElec  .         Dismiss  .     (no cloak)
rCorr  .         Reflect  .     (no gloves)
SustAt .         Harm     .     (no boots)
MR     .....                    (no amulet)
Stlth  +.........               (no ring)
                                l - +6 ring of evasion

@: not resistant to hostile enchantments, very unstealthy
A: antennae 2, demonic guardian 1, fire resistance 1
a: Renounce Religion


You were on level 6 of the Dungeon.
You worshipped Makhleb.
Makhleb was aware of your devotion.
You were not hungry.

You visited 2 branches of the dungeon, and saw 7 of its levels.

You collected 107 gold pieces.

Inventory:

Hand Weapons
 a - a +0 war axe (weapon)
Missiles
 d - a throwing net (quivered)
Armour
 b - a +0 leather armour
 c - a +0 helmet
 m - a +0 ring mail (worn)
Jewellery
 l - a +6 ring of evasion (left hand)
 t - an uncursed amulet of harm
Wands
 h - a wand of digging (9/24)
 o - a wand of flame (36/48)
 s - a wand of random effects (21/48)
Scrolls
 e - 2 scrolls of random uselessness {unknown}
 g - a scroll of identify
 j - a scroll of recharging
 k - a scroll of amnesia {unknown}
 n - a scroll of teleportation {unknown}
 p - a scroll of fear {unknown}
Potions
 i - a potion of flight
 r - a potion of cancellation
 u - a potion of curing {unknown}
 w - a potion of lignification {unknown}
Comestibles
 f - 2 bread rations
 q - a meat ration
 v - 2 chunks of flesh


   Skills:
 - Level 2.0 Fighting
 + Level 7.0 Axes
 - Level 1.7 Throwing
 - Level 2.6 Dodging


You had 5 spell levels left.
You didn't know any spells.

Dungeon Overview and Level Annotations

Branches:
Dungeon (6/15)             Temple (1/1) D:4

Altars:
Ashenzari
Cheibriados
Dithmenos
Gozag
Makhleb
Nemelex Xobeh
Vehumet
Zin
The Shining One

Annotations:
D:5 DarkxAkira's ghost, novice MiFi


Innate Abilities, Weirdness & Mutations

You have a pair of antennae on your head.
A weak demonic guardian rushes to your aid.
Your flesh is heat resistant.


Message History

Press: ? - help, v - describe, . - travel, g - get item
Here: an orc, wielding a short sword A hobgoblin corpse.
There is something else lying underneath.
An open door, spattered with blood.
Unknown command.
You barely miss the orc. The orc hits you but does no damage.
You barely miss the orc. The orc closely misses you.
You closely miss the orc. The orc hits you but does no damage.
You barely miss the orc. The orc closely misses you. The orc barely misses you.
Your ring mail prevents you from hitting the orc.
The orc closely misses you.
You hit the orc.
The orc is moderately wounded.
The orc hits you with a short sword.
* * * LOW HITPOINT WARNING * * *
You hit the orc.
The orc is heavily wounded.
The orc hits you with a short sword.
You die...

###########################
#.........................#
<...............@.........#
†...P..####.....#o#####...#
#>..####{ #######g.. ...#
#...# { { { { ..... ...#
#...# { .....+...# #...#
#+#####..# #....# ..#
#....# { #...##


You could see an orc and a goblin.

Vanquished Creatures
  A crocodile (D:5)
  A giant frog (D:6)
  A centaur zombie (D:4)
  3 orc wizards (D:5)
  4 worker ants
  A hound skeleton (D:4)
  A howler monkey skeleton (D:4)
  3 gnolls (D:4)
  3 adders
  An adder skeleton (D:4)
  A worm (D:3)
  A giant gecko (D:4)
  9 orcs
  2 bats
  2 giant cockroaches (D:1)
  2 hobgoblins (D:6)
  7 jackals (D:3)
  A kobold (D:2)
  A rat (D:3)
45 creatures vanquished.

Vanquished Creatures (collateral kills)
  A centaur skeleton (D:4)
1 creature vanquished.

Grand Total: 46 creatures vanquished

Notes
Turn   | Place    | Note
--------------------------------------------------------------
     0 | D:1      | brucemayne the Demonspawn Gladiator began the quest for the Orb.
     0 | D:1      | Reached XP level 1. HP: 16/16 MP: 1/1
    50 | D:1      | Reached skill level 3 in Axes
    93 | D:3      | Gained mutation: You have a pair of small antennae on your head. [demonic ancestry]
    93 | D:3      | Reached XP level 2. HP: 13/22 MP: 2/2
   228 | D:3      | Gained mutation: A weak demonic guardian rushes to your aid. [demonic ancestry]
   228 | D:3      | Reached XP level 3. HP: 18/27 MP: 3/3
   280 | D:3      | Reached skill level 4 in Axes
   468 | D:4      | Gained mutation: Your flesh is heat resistant. [demonic ancestry]
   468 | D:4      | Reached XP level 4. HP: 23/33 MP: 4/4
   511 | D:4      | Found a staircase to the Ecumenical Temple.
   516 | Temple   | Entered the Ecumenical Temple
   584 | Temple   | Became a worshipper of Makhleb the Destroyer
   631 | D:5      | Entered Level 5 of the Dungeon
   652 | D:5      | Noticed a crocodile
   678 | D:5      | Killed a crocodile
   678 | D:5      | Reached skill level 5 in Axes
   681 | D:5      | Reached XP level 5. HP: 32/38 MP: 5/5
   758 | D:5      | Noticed DarkxAkira's ghost (novice MiFi)
   833 | D:4      | Reached skill level 6 in Axes
   868 | D:4      | Gained mutation: You have a pair of antennae on your head. [demonic ancestry]
   868 | D:4      | Reached XP level 6. HP: 20/44 MP: 6/6
  1039 | D:5      | Found a glowing silver altar of Zin.
  1086 | D:6      | Reached skill level 7 in Axes
  1125 | D:6      | Reached * piety under Makhleb
  1138 | D:6      | Slain by an orc

Vault maps used:
D:1:      roderic_dead_forest, item_on_display_a
D:3:      wad_river_or_something, first_bread, minmay_item_behind_shaft,
          uniq_jessica
D:4:      temple_doors_e
D:5:      nicolae_overflow_crystal_walls, serial_bayou_lagoon_a
D:6:      corexii_shantytown
Temple:   hc_temple_tempest_star

Skill      XL: |  1  2  3  4  5  6 |
---------------+-------------------+-----
Axes           | 3 4 5 6 7 |  7.0
Fighting       | |  2.0
Throwing       | |  1.7
Dodging        | |  2.6

Action                   |  1- 3 |  4- 6 || total
-------------------------+-------+-------++-------
Melee: War axe           |    75 |    97 ||   172
Throw: Throwing net      |     4 |     2 ||     6
  Use: Scroll            |       |     4 ||     4
 Stab: Sleeping          |     1 |       ||     1
  Eat: Chunk             |       |     1 ||     1
